 Dungeon Crawl Stone Soup version 0.20-a0-800-g4a616ed (webtiles) character file.

8026 Laan the Impaler (level 11, -3/112 HPs)
             Began as a Demonspawn Berserker on Mar 2, 2017.
             Was the Champion of Trog.
             Slain by an unseen horror (4 damage)
             ... on level 10 of the Dungeon.
             The game lasted 00:25:39 (8691 turns).

Laan the Impaler (Demonspawn Berserker)             Turns: 8691, Time: 00:25:39

Health: -3/112     AC: 19    Str: 22    XL:     11   Next: 4%
Magic:  11/11      EV: 10    Int: 13    God:    Trog [******]
Gold:   609        SH:  0    Dex: 12    Spells: 10/10 levels left

rFire    . . .     SeeInvis .   K - +0 trident (venom)
rCold    . . .     Gourm    .   w - +2 chain mail {rPois}
rNeg     . . .     Faith    .   (no shield)
rPois    +         Spirit   .   f - +2 helmet
rElec    .         Reflect  .   F - +1 cloak
rCorr    .         Harm     .   j - +0 pair of gloves
MR       .....                  L - +0 pair of boots
Stlth    ..........             (no amulet)
Regen    0.3/turn               (no ring)
MPRegen  0.2/turn               y - +2 ring of evasion

@: berserking, drained, very quick
A: hooves 1, slimy green scales 1, demonic guardian 1, powered by death 3
a: Berserk, Trog's Hand, Brothers in Arms, Burn Spellbooks, Renounce Religion


You were on level 10 of the Dungeon.
You worshipped Trog.
Trog was exalted by your worship.
You were hungry.

You visited 1 branch of the dungeon, and saw 10 of its levels.

You collected 609 gold pieces.

Inventory:

Hand Weapons
 x - a +3 halberd of distortion
 K - a +0 trident of venom (weapon)
Missiles
 m - 8 silver javelins (quivered)
Armour
 f - a +2 helmet (worn)
 j - a +0 pair of gloves (worn)
 w - a +2 chain mail of poison resistance (worn)
 E - the +1 ring mail "Widurph" {MR+++}
   (You found it on level 8 of the Dungeon)

   It affects your resistance to hostile enchantments.
 F - a +1 cloak (worn)
 L - a +0 pair of boots (worn)
Jewellery
 q - the ring "Naditag" {Fire rElec rPois Dex-2}
   (You found it on level 8 of the Dungeon)

   [ring of fire]

   It enhances your fire magic.
   It affects your dexterity (-2).
   It protects you from fire.
   It makes you vulnerable to cold.
   It insulates you from electricity.
   It protects you from poison.
 y - a +2 ring of evasion (left hand)
Wands
 a - a wand of iceblast (4/15)
 r - a wand of acid (0/15)
 D - a wand of lightning (9/15)
 G - a wand of random effects (23/48)
 J - a wand of iceblast (10/15)
Scrolls
 b - 2 scrolls of remove curse
 o - 2 scrolls of amnesia {unknown}
 p - a scroll of enchant armour {unknown}
 s - 2 scrolls of teleportation {unknown}
 t - a scroll of magic mapping
 u - a scroll of identify
 z - a scroll of summoning {unknown}
 A - a scroll of enchant weapon {unknown}
 B - 2 scrolls of fog {unknown}
 C - a scroll of fear {unknown}
 H - 2 scrolls of blinking {unknown}
Potions
 d - 2 potions of mutation {unknown}
 e - 4 potions of curing {unknown}
 k - a potion of ambrosia {unknown}
 n - a potion of flight {unknown}
 v - 4 potions of haste {unknown}
Comestibles
 c - 6 bread rations
 g - 5 meat rations
 h - 2 chunks of flesh
 i - 3 fruits
 l - 12 royal jellies


   Skills:
 - Level 3.0(2.9) Fighting
 + Level 15.1(15.0) Polearms
 - Level 1.7 Armour
 - Level 1.7 Dodging


You had 10 spell levels left.
You didn't know any spells.

Dungeon Overview and Level Annotations

Branches:
Dungeon (10/15)            Temple (0/1) D:5             Orc (0/2) D:9
   Lair: D:8-11

Altars:
Ashenzari
Dithmenos
Hepliaklqana
Kikubaaqudgha
Makhleb
Okawaru
Ru
Sif Muna
Xom
Yredelemnul
Zin


Innate Abilities, Weirdness & Mutations

You have large cloven feet.
You are partially covered in slimy green scales. (AC +2)
A weak demonic guardian rushes to your aid.
You regenerate a lot of health from kills.


Message History

The hippogriff bites you but does no damage.
The hippogriff misses you.
The hippogriff claws you but does no damage.
You puncture the hippogriff!
The hippogriff is poisoned.
The hippogriff is lightly wounded.
Something hits you but does no damage.
You hit the hippogriff.
The hippogriff is moderately wounded.
Your ufetubus hits the hippogriff but does no damage.
Your ufetubus hits the hippogriff. You puncture something! Something hits you.
* * * LOW HITPOINT WARNING * * *
The hippogriff bites you but does no damage.
The hippogriff pecks you.
* * * LOW HITPOINT WARNING * * *
The hippogriff claws you but does no damage.
Your ufetubus hits the hippogriff.
Your ufetubus closely misses the hippogriff.
You closely miss something. Something hits you.
You die...

....##.... #......
...##...##.# #......
#..##...##.# #......
#..##...##.# #......
#..##...##.# #......
#.......##.# #. #......
#..##...##.# #.
#....){##..##......# #.
#.....5@...##......####.
......H....##...........
...........##...#...##..
.......###.##...#...##..
....... #.##...#...##..
....... #.##...#...##..
....... .##...#...##..
....... #...#...##..
#...#...##..


You could see a hippogriff and a friendly ufetubus.

Vanquished Creatures
  A two-headed ogre (D:9)
  A hornet (D:8)
  2 trolls (D:10)
  Prince Ribbit (D:7)
  3 hippogriffs
  2 wyverns
  A hungry ghost (D:8)
  A soldier ant (D:8)
  Duvessa (D:5)
  2 water moccasins
  5 orc warriors (D:9)
  A black bear (D:9)
  A phantom (D:6)
  3 ice beasts
  Purgy (D:3)
  2 sky beasts
  5 ogres
  A centaur (D:5)
  A crocodile (D:9)
  A big kobold (D:9)
  A gnoll sergeant (D:6)
  6 bullfrogs
  A wyvern zombie (D:10)
  2 scorpions
  Dowan (D:5)
  14 killer bees
  8 wights
  A howler monkey (D:8)
  4 crimson imps
  2 centaur zombies (D:7)
  A quasit (D:9)
  A hound (D:10)
  9 orc priests
  A gnoll shaman (D:6)
  2 iguanas
  Ijyb (D:3)
  An orc wizard (D:9)
  3 worker ants
  A hound zombie (D:5)
  2 hound skeletons
  A worker ant zombie (D:10)
  9 gnolls (D:6)
  12 adders
  A shadow imp (D:10)
  An adder zombie (D:8)
  4 worms
  3 dart slugs
  3 leopard geckos
  46 orcs
  6 bats
  6 giant cockroaches
  12 goblins
  10 hobgoblins
  7 jackals
  4 quokkas
  2 ball pythons
  3 frilled lizards
  12 kobolds
  16 rats
256 creatures vanquished.

Vanquished Creatures (collateral kills)
  A hydra (D:10)
  Sigmund (D:5)
  A soldier ant (D:8)
  A water moccasin zombie (D:10)
  A scorpion (D:5)
  A hound (D:7)
  An orc priest (D:9)
  3 orc wizards
  A gnoll (D:6)
  8 orcs
19 creatures vanquished.

Vanquished Creatures (others)
  2 frilled lizards (D:5)
2 creatures vanquished.

Grand Total: 277 creatures vanquished

Notes
Turn   | Place    | Note
-------+----------+-------------------------------------------
     0 | D:1      | Laan the Demonspawn Berserker began the quest for the Orb.
     0 | D:1      | Reached XP level 1. HP: 18/18 MP: 1/1
    74 | D:1      | Reached skill level 3 in Polearms
   312 | D:1      | Gained mutation: You regenerate a little health from kills. [demonic ancestry]
   312 | D:1      | Reached XP level 2. HP: 24/24 MP: 2/2
  1096 | D:2      | Reached ** piety under Trog
  1156 | D:2      | Reached XP level 3. HP: 15/29 MP: 3/3
  1409 | D:2      | Reached skill level 4 in Polearms
  2034 | D:2      | Gained mutation: A weak demonic guardian rushes to your aid. [demonic ancestry]
  2034 | D:2      | Reached XP level 4. HP: 28/35 MP: 4/4
  2520 | D:3      | Noticed Ijyb
  2577 | D:3      | Found a shimmering altar of Xom.
  2577 | D:3      | Found a burning altar of Makhleb.
  2578 | D:3      | Found a sacrificial altar of Ru.
  2579 | D:3      | Found an iron altar of Okawaru.
  2579 | D:3      | Found a deep blue altar of Sif Muna.
  2579 | D:3      | Found an ancient bone altar of Kikubaaqudgha.
  2610 | D:3      | Reached skill level 5 in Polearms
  2963 | D:3      | Reached *** piety under Trog
  3112 | D:3      | Found a shadowy altar of Dithmenos.
  3262 | D:3      | Received a gift from Trog
  3267 | D:3      | Gained mutation: You regenerate health from kills. [demonic ancestry]
  3267 | D:3      | Reached XP level 5. HP: 41/41 MP: 5/5
  3452 | D:3      | Killed Ijyb
  3551 | D:3      | Noticed Purgy
  3563 | D:3      | Killed Purgy
  3822 | D:4      | Reached skill level 6 in Polearms
  3965 | D:4      | Gained mutation: You are partially covered in slimy green scales. (AC +2) [demonic ancestry]
  3965 | D:4      | Reached XP level 6. HP: 42/47 MP: 6/6
  4394 | D:5      | Entered Level 5 of the Dungeon
  4402 | D:5      | Reached skill level 7 in Polearms
  4503 | D:5      | Got an opalescent robe
  4513 | D:5      | Reached XP level 7. HP: 38/52 MP: 7/7
  4532 | D:5      | Noticed Dowan
  4533 | D:5      | Noticed Duvessa
  4548 | D:5      | Killed Dowan
  4549 | D:5      | Killed Duvessa
  4632 | D:5      | Found a staircase to the Ecumenical Temple.
  4740 | D:5      | Reached skill level 8 in Polearms
  4744 | D:5      | Noticed Sigmund
  4758 | D:5      | Killed Sigmund
  4823 | D:5      | Gained mutation: You regenerate a lot of health from kills. [demonic ancestry]
  4823 | D:5      | Reached XP level 8. HP: 58/58 MP: 8/8
  4825 | D:5      | Reached skill level 9 in Polearms
  4909 | D:5      | Found a faded altar of an unknown god.
  4909 | D:5      | Found a basalt altar of Yredelemnul.
  4914 | D:5      | Found a hazy altar of Hepliaklqana.
  4916 | D:5      | Found a glowing silver altar of Zin.
  4918 | D:5      | Found a shattered altar of Ashenzari.
  5122 | D:6      | Reached **** piety under Trog
  5316 | D:6      | Reached skill level 10 in Polearms
  5732 | D:7      | Identified the +1 robe of the Skies Above {MR++} (You found it on level 5 of the Dungeon)
  5812 | D:7      | Noticed a hippogriff
  5829 | D:7      | Killed a hippogriff
  5843 | D:7      | You fall through a shaft for 3 floors!
  5843 | D:10     | Entered Level 10 of the Dungeon
  5846 | D:10     | Noticed a troll
  5856 | D:10     | Killed a troll
  5856 | D:10     | Reached skill level 11 in Polearms
  5856 | D:10     | Reached XP level 9. HP: 35/63 MP: 9/9
  5969 | D:9      | Noticed a two-headed ogre
  6153 | D:8      | Reached skill level 12 in Polearms
  6155 | D:8      | Reached ***** piety under Trog
  6364 | D:7      | Noticed Prince Ribbit
  6388 | D:7      | Killed Prince Ribbit
  6815 | D:8      | Got a faintly glowing ring mail
  6824 | D:8      | Reached skill level 13 in Polearms
  6835 | D:8      | Identified the +1 ring mail "Widurph" {MR+++} (You found it on level 8 of the Dungeon)
  6896 | D:8      | Reached XP level 10. HP: 62/70 MP: 10/10
  7114 | D:8      | Got a heavily runed golden ring
  7115 | D:8      | Identified the ring "Naditag" {Fire rElec rPois Dex-2} (You found it on level 8 of the Dungeon)
  7277 | D:8      | Paralysed by a hornet for 3 turns
  7707 | D:9      | Killed a two-headed ogre
  7707 | D:9      | Reached skill level 14 in Polearms
  7755 | D:9      | Received a gift from Trog
  7975 | D:9      | Found a staircase to the Orcish Mines.
  8408 | D:10     | Noticed a five-headed hydra
  8417 | D:10     | Killed a five-headed hydra
  8438 | D:10     | Reached ****** piety under Trog
  8561 | D:10     | Reached skill level 15 in Polearms
  8595 | D:10     | Gained mutation: You have large cloven feet. [demonic ancestry]
  8595 | D:10     | Reached XP level 11. HP: 75/75 MP: 11/11
  8690 | D:10     | HP: 1/112 [hippogriff (6)]
  8691 | D:10     | Slain by an unseen horror

Vault maps used:
D:1:      dpeg_arrival_tiny_d, moated_statue
D:3:      overflow_temple_1_default, grunt_temple_overflow_open, first_bread,
          uniq_purgy, uniq_iyjb
D:5:      chequers_temple_overflow_minitemple, lemuel_temple_firewalk_a,
          uniq_duvessa, uniq_sigmund
D:7:      enter_bailey_3, uniq_prince_ribbit1
D:8:      hangedman_pestilent_swarm
D:9:      hiddenorc2_lemuel, kennysheep_small_circle

Skill      XL: |  1  2  3  4  5  6  7  8  9 10 |
---------------+-------------------------------+-----
Polearms       | 3 4 5 6 7 8 11 13 15 | 15.1
Fighting       | |  3.0
Armour         | |  1.7
Dodging        | |  1.7

Action                   |  1- 3 |  4- 6 |  7- 9 | 10-12 || total
-------------------------+-------+-------+-------+-------++-------
Melee: Spear             |   176 |   299 |   409 |   264 ||  1148
       Scythe            |       |       |    30 |       ||    30
       Trident           |       |       |       |   164 ||   164
Throw: Javelin           |       |       |       |     3 ||     3
Invok: Berserk           |     1 |     4 |    10 |     5 ||    20
       Burn Spellbooks   |       |       |     1 |       ||     1
Evoke: Wand              |       |       |     3 |     2 ||     5
  Use: Scroll            |       |     4 |     2 |     1 ||     7
 Stab: Sleeping          |     3 |     1 |       |       ||     4
       Distracted        |       |       |     8 |     1 ||     9
  Eat: Chunk             |     4 |    12 |    10 |     9 ||    35
       Fruit             |       |       |     9 |     2 ||    11
Armor: Animal skin       |    16 |    14 |       |       ||    30
       Ring mail         |       |    50 |    81 |    13 ||   144
       Plate armour      |       |       |       |    61 ||    61
       Chain mail        |       |       |       |    67 ||    67
Dodge: Dodged            |    99 |   136 |   165 |   108 ||   508
